 Dungeon Crawl Stone Soup version 0.24-a0-292-g5c6fb1c (webtiles) character file.

Game seed: 8337929251127611825

9 galech the Skirmisher (level 2, -3/24 HPs)
             Began as a Demonspawn Fighter on May 10, 2019.
             Slain by a gnoll
             ... wielding a +0 spear
              (7 damage)
             ... on level 1 of the Dungeon.
             The game lasted 00:00:19 (133 turns).

galech the Skirmisher (Demonspawn Fighter)           Turns: 133, Time: 00:00:20

Health: -3/24      AC:  6    Str: 16    XL:     2   Next: 6%
Magic:  2/2        EV:  8    Int:  9    God:
Gold:   25         SH:  8    Dex: 12    Spells: 1/1 levels left

rFire    . . .     SeeInvis .   a - +0 war axe
rCold    . . .     Gourm    .   c - +0 shield
rNeg     . . .     Faith    .   b - +0 scale mail
rPois    .         Spirit   .   (no helmet)
rElec    .         Reflect  .   (no cloak)
rCorr    .         Harm     .   (no gloves)
MR       .....                  (no boots)
Stlth    ..........             (no amulet)
HPRegen  0.08/turn              (no ring)
MPRegen  0.08/turn              (no ring)

@: no status effects
A: repulsion field 1
a: no special abilities


You were on level 1 of the Dungeon.
You were not hungry.

You visited 1 branch of the dungeon, and saw 1 of its levels.

You collected 25 gold pieces.

Inventory:

Hand Weapons
 a - a +0 war axe (weapon)
Armour
 b - a +0 scale mail (worn)
 c - a +0 shield (worn)
Scrolls
 e - a scroll of amnesia {unknown}
Potions
 d - a potion of might
Comestibles
 f - 2 rations
 g - 3 chunks of flesh


   Skills:
 + Level 3.2 Fighting
 + Level 1.8 Axes
 + Level 2.8 Armour
 + Level 2.9 Shields


You had one spell level left.
You didn't know any spells.
Your spell library was empty.

Dungeon Overview and Level Annotations

Branches:
Dungeon (1/15)

Altars:


Innate Abilities, Weirdness & Mutations

You are surrounded by a mild repulsion field. (EV +2)


Message History

The giant cockroach bites you but does no damage.
The gnoll hits you with a +0 spear.
* * * LOW HITPOINT WARNING * * *
You closely miss the gnoll. You hit the giant cockroach.
The giant cockroach bites you but does no damage. x2
The gnoll hits you but does no damage.
Your shield prevents you from hitting the gnoll.
You hit the giant cockroach but do no damage.
The giant cockroach barely misses you. The gnoll barely misses you.
You block the giant cockroach's attack. The gnoll completely misses you.
You slash the gnoll!
The gnoll is severely wounded.
You hit the giant cockroach. The giant cockroach closely misses you.
The gnoll closely misses you. You block the giant cockroach's attack.
You hit the gnoll but do no damage.
The gnoll is severely wounded.
You hit the giant cockroach.
You kill the giant cockroach!
You block the gnoll's attack. The gnoll hits you with a +0 spear!
You die...

#.# ####.....<..... #.#
#........... #.# #...........
#####.##### ####..8.....8..
#......)..#####.##...........
#.###.###.#.##..##...........
#.# #.###..#.#..#######+#####
#.# #(......#..########. #.#
#####...@g..........
#.#######.#.##.#.#####.#
#.........####.........#
########### ###.####### #.#
#.# #.# #.# .(.


You could see a gnoll.

Vanquished Creatures
  A dart slug (D:1)
  A bat (D:1)
  2 giant cockroaches (D:1)
  A goblin (D:1)
  A hobgoblin (D:1)
6 creatures vanquished.

Notes
Turn   | Place    | Note
-------+----------+-------------------------------------------
     0 | D:1      | galech the Demonspawn Fighter began the quest for the Orb.
     0 | D:1      | Reached XP level 1. HP: 18/18 MP: 1/1
   118 | D:1      | Gained mutation: You are surrounded by a mild repulsion
                  | field. (EV +2) [demonic ancestry]
   118 | D:1      | Reached XP level 2. HP: 8/24 MP: 2/2
   133 | D:1      | Slain by a gnoll

Levels and vault maps discovered:
D:1:      psy_arrival_statuary, layout_loops_corners

Action                   || total
-------------------------++-------
Melee: War axe           ||    17
Armor: Scale mail        ||    10
Dodge: Dodged            ||     9
Block: Shield            ||    14

Table legend:
 A = Non-vault XP
 B = Vault XP
 C = Vault XP percentage of total XP
 D = Non-vault monster count
 E = Vault monster count
 F = Vault count percentage of total count
                 A         B        C        D         E       F
            +---------+---------+-------+---------+---------+-------
      Total |      14 |       0 |   0.0 |       6 |       0 |   0.0
            +---------+---------+-------+---------+---------+-------
        D:1 |      14 |       0 |   0.0 |       6 |       0 |   0.0
            +---------+---------+-------+---------+---------+-------
